Map: Одиссея РВ

Players

ИИ 1 (эксперт) - Winner!

  • Race: Zerg Zerg
  • Spawn Location: 11:00

Doll

  • Race: Zerg Zerg
  • Spawn Location: 5:00

VOD

Have the link to the VOD?

Description

Time

  • Played on: Oct. 11, 2022, 9:01 p.m.
  • Length: 11:18
Show
View Real Time Build Order
Export as new Build Order

ИИ 1 (эксперт) Zerg - Winner!

Build Orders: Pool First 

Get SALT Encoding   

  12  0:00  Drone  
  13  0:12  Overlord  
  13  0:16  Drone  
  14  0:30  Drone x2  
  16  0:42  Spawning Pool  
  15  0:45  Drone  
  15  0:49  Drone  
  17  1:13  Hatchery  
  17  1:14  Drone  
  17  1:17  Extractor  
  16  1:19  Drone  
  16  1:22  Drone  
  18  1:27  Drone  
  19  1:38  Overlord  
  19  1:49  Queen, Drone  
  22  1:59  Zergling x2  
  23  2:10  Drone  
  24  2:21  Drone  
  25  2:25  Queen  
  25  2:26  Roach Warren  
  25  2:28  Extractor  
  25  2:30  Drone  
  25  2:36  Drone  
  27  2:43  Overlord  
  27  2:47  Drone  
  27  2:50  Drone  
  29  2:53  Drone  
  29  2:56  Drone  
  31  2:59  Drone  
  31  3:02  Zergling x2  
  33  3:06  Zergling x2  
  33  3:11  Roach  
  36  3:14  Roach  
  36  3:19  Roach  
  40  3:23  Roach  
  42  3:27  Drone  
  42  3:28  Drone  
  42  3:33  Overlord  
  44  3:40  Lair  
  44  3:52  Drone x4  
  44  3:54  Drone  
  49  3:56  Drone  
  49  3:59  Drone  
  49  4:00  Drone  
  52  4:04  Overlord  
  52  4:23  Zergling x2, Drone x5  
  58  4:30  Overlord  
  58  4:31  Zergling x4  
  60  4:33  Overlord  
  60  4:40  Drone, Hydralisk Den  
  60  4:41  Infestation Pit, Drone  
  60  4:49  Roach x3  
  60  4:50  Roach  
  68  4:55  Overlord  
  68  5:08  Hydralisk  
  68  5:09  Hydralisk  
  68  5:10  Hydralisk  
  68  5:11  Hydralisk  
  68  5:14  Drone x2, Overlord  
  78  5:18  Hive  
  78  5:27  Infestor  
  80  5:30  Overlord  
  80  5:33  Overlord  
  80  5:38  Evolution Chamber, Drone  
  80  5:41  Evolution Chamber, Drone  
  80  5:43  Overlord  
  80  5:46  Overlord  
  80  5:52  Zergling x2  
  80  5:54  Zergling x2  
  80  5:55  Infestor, Zergling x2  
  85  5:57  Zergling x2  
  85  6:02  Zergling x4  
  88  6:06  Overlord x2  
  88  6:22  Infestor  
  90  6:28  Drone  
  90  6:30  Extractor, Drone  
  90  6:31  Evolution Chamber  
  90  6:32  Drone  
  91  6:33  Extractor, Drone  
  91  6:39  Hatchery  
  90  6:40  Drone  
  91  6:53  Drone x3  
  94  6:55  Drone x2  
  94  6:56  Drone  
  94  7:01  Ultralisk Cavern, Drone  
  96  7:24  Roach  
  96  7:26  Overseer  
  96  7:27  Roach  
  96  7:29  Roach  
  102  7:32  Roach  
  102  7:33  Roach  
  102  7:36  Roach  
  108  7:44  Metabolic Boost  
  108  7:48  Ultralisk  
  114  7:51  Drone  
  114  7:52  Drone x4  
  114  7:53  Drone x6  
  114  7:57  Drone  
  114  7:58  Drone  
  127  8:01  Drone  
  127  8:04  Extractor  
  127  8:08  Drone  
  127  8:09  Extractor, Drone  
  127  8:12  Drone  
  129  8:13  Zerg Melee Weapons Level 1, Overlord  
  129  8:14  Drone x2  
  129  8:17  Ultralisk, Drone  
  138  8:22  Zerg Missile Weapons Level 1  
  138  8:25  Roach  
  138  8:26  Drone  
  139  8:27  Roach  
  139  8:29  Drone, Spine Crawler  
  139  8:30  Hydralisk  
  139  8:31  Drone, Spine Crawler  
  139  8:34  Drone  
  117  8:41  Zergling x2  
  117  8:42  Zergling x2  
  117  8:44  Hydralisk x2  
  117  8:45  Hydralisk, Drone  
  122  8:49  Drone  
  122  8:51  Queen  
  122  8:52  Zerg Ground Armor Level 1  
  125  9:04  Ultralisk  
  125  9:08  Spore Crawler  
  130  9:11  Spore Crawler  
  130  9:14  Hatchery, Drone  
  130  9:16  Ultralisk  
  135  9:18  Spine Crawler  
  134  9:25  Infestor  
  134  9:26  Overlord  
  136  9:34  Infestor  
  138  9:43  Infestor  
  140  9:49  Queen  
  140  9:51  Spine Crawler  
  141  9:53  Pathogen Glands  
  141  9:54  Spore Crawler  
  140  10:00  Overseer, Overlord  
  140  10:01  Spine Crawler  
  140  10:03  Spine Crawler  
  138  10:26  Drone x2  
  138  10:27  Drone x5  
  138  10:28  Drone x2  
  147  10:33  Extractor, Drone  
  147  10:35  Drone, Spine Crawler  
  147  10:37  Extractor, Hatchery  
  147  10:38  Drone x2  
  147  10:42  Spore Crawler  
  147  10:43  Drone  
  147  10:45  Spore Crawler, Drone  
  147  10:48  Spore Crawler  
  146  10:50  Drone  
  147  11:10  Spine Crawler  
  147  11:12  Spore Crawler  
  147  11:15  Spine Crawler  
Show
View Real Time Build Order
Export as new Build Order

Doll Zerg 

Build Orders: Hatch First 

Get SALT Encoding   

  12  0:00  Drone  
  13  0:12  Overlord  
  13  0:17  Drone  
  14  0:31  Drone x2  
  14  0:34  Drone  
  17  0:52  Hatchery  
  17  0:55  Drone  
  17  1:01  Drone  
  18  1:05  Extractor  
  18  1:08  Drone  
  18  1:20  Spawning Pool, Drone  
  18  1:29  Drone  
  19  1:39  Drone  
  20  1:51  Drone  
  21  2:06  Zergling x4, Queen x2  
  27  2:12  Overlord  
  27  2:15  Metabolic Boost  
  27  2:22  Drone  
  28  2:28  Drone, Roach Warren  
  28  2:31  Drone  
  28  2:35  Drone  
  30  2:38  Drone  
  31  2:47  Drone  
  32  2:59  Drone  
  32  3:01  Drone  
  32  3:03  Hatchery  
  33  3:08  Queen  
  35  3:13  Overlord  
  35  3:17  Drone  
  36  3:25  Overlord  
  36  3:33  Roach x3  
  42  3:34  Roach  
  42  3:37  Overlord  
  44  3:44  Roach  
  44  3:45  Roach  
  44  3:47  Roach  
  50  3:52  Drone  
  50  3:53  Drone  
  50  3:54  Overlord  
  52  3:57  Drone  
  52  4:01  Extractor  
  52  4:04  Lair  
  52  4:07  Drone  
  52  4:08  Drone  
  54  4:13  Drone  
  54  4:14  Drone x2  
  57  4:20  Drone x3  
  60  4:26  Drone x2  
  62  4:32  Drone  
  62  4:37  Roach x2  
  67  4:42  Extractor  
  67  4:44  Extractor  
  67  4:45  Drone x2  
  67  4:46  Zergling x4  
  67  4:48  Pneumatized Carapace  
  67  4:51  Roach  
  67  4:52  Roach  
  73  4:53  Overlord  
  73  4:58  Drone  
  74  5:04  Overlord  
  74  5:06  Overseer  
  74  5:08  Overseer  
  74  5:10  Overlord  
  74  5:13  Roach x2  
  74  5:14  Zergling x4  
  80  5:15  Zergling x2  
  80  5:19  Overlord  
  81  5:22  Glial Reconstitution  
  81  5:29  Evolution Chamber  
  81  5:30  Drone x2  
  81  5:32  Drone x2  
  81  5:34  Drone  
  85  5:41  Roach, Drone  
  88  5:43  Evolution Chamber, Drone  
  88  5:45  Drone  
  88  5:46  Drone  
  90  5:53  Drone x3  
  93  5:57  Zerg Ground Armor Level 1  
  93  6:01  Overseer  
  93  6:09  Hydralisk Den  
  93  6:10  Zerg Melee Weapons Level 1  
  92  6:11  Baneling Nest  
  92  6:12  Drone  
  92  6:13  Drone x2  
  92  6:14  Drone  
  92  6:16  Drone  
  92  6:18  Drone  
  97  6:20  Spore Crawler  
  97  6:24  Drone  
  97  6:25  Spore Crawler  
  97  6:26  Drone x2  
  97  6:28  Drone  
  99  6:36  Roach, Overlord  
  99  6:37  Roach  
  103  6:41  Overlord  
  103  6:48  Drone x2  
  103  6:49  Drone  
  103  6:50  Overlord  
  106  6:56  Centrifugal Hooks  
  106  6:57  Hydralisk x2  
  106  6:58  Hydralisk  
  106  6:59  Hydralisk  
  114  7:02  Drone  
  114  7:04  Hydralisk  
  114  7:05  Hydralisk  
  114  7:07  Hydralisk  
  121  7:09  Overlord  
  121  7:12  Hydralisk  
  121  7:14  Drone  
  124  7:26  Hatchery  
  124  7:27  Drone x2  
  124  7:28  Hydralisk, Drone  
  128  7:31  Hydralisk  
  128  7:34  Hydralisk  
  128  7:35  Hydralisk  
  128  7:36  Hydralisk  
  136  7:40  Hydralisk  
  136  7:41  Overlord  
  138  7:47  Overlord  
  138  7:52  Overlord  
  138  7:57  Overlord  
  138  8:01  Hydralisk x3  
  138  8:02  Roach  
  138  8:03  Overlord  
  138  8:05  Zerg Missile Weapons Level 1  
  146  8:08  Roach  
  148  8:13  Roach x2  
  148  8:14  Roach  
  148  8:17  Extractor x2  
  148  8:28  Zerg Melee Weapons Level 2  
Tags
 
Add a new tag
Caveats
  • Supply blocks, unpowered buildings, or Contaminate may cause inaccurate times.
  • Supply counts are checked every 10 seconds.